AoeStats
← villodresjuan

Black Forest

509661605Analyzed
3v3 RM · 5d ago on Sep 27, 2026· 102m 6s· 6 players
Game mode
Random Map
Map size
Normal (6 player)
Population
200
Speed
Normal
Resources
Standard
Victory
Conquest
Starting age
Dark Age
Ending age
Imperial Age
RankedLock teamsTeams togetherTeam positionsShared explorationLock speedFull tech treeHidden civsTurbo modeCheats
Victory
Defeat
🇩🇪 Celts · Germany
843
+12
🇹🇷 Britons · Türkiye
817
+13
🇹🇷 Japanese · Türkiye
665
+19
🇫🇷 Britons · France
752
-15
🇪🇸 Franks · Spain
750
-15
🇨🇦 Vietnamese · Canada
727
-14
villodresjuan
16:41 Feudal Age
21:55 Castle Age
20:57 Double-Bit Axe
21:06 Stone Mining
21:09 Gold Mining
32:25 Gold Shaft Mining
32:03 Forging
31:53 Scale Mail Armor
31:59 Scale Barding Armor
32:28 Bow Saw
33:26 Iron Casting
33:53 Murder Holes
33:38 Treadmill Crane
34:20 Ballistics
34:56 Caravan
40:01 Imperial Age
38:13 Wheelbarrow
37:24 Loom
37:24 Town Watch
38:02 Fortified Wall
37:43 Guard Tower
38:04 Masonry
38:12 Chain Mail Armor
37:59 Padded Archer Armor
39:09 Pikeman
39:49 Squires
39:35 Arson
39:36 Gambesons
39:11 Man-at-Arms
39:18 Ordonnance Companies
40:06 Husbandry
41:21 Cavalier
43:38 Hoardings
43:25 Conscription
43:08 Chivalry
42:29 Elite Throwing Axeman
44:05 Plate Mail Armor
44:36 Blast Furnace
43:57 Chain Barding Armor
43:52 Leather Archer Armor
43:28 Fletching
44:10 Architecture
44:41 Chemistry
43:27 Arrowslits
43:15 Paladin
45:30 Hand Cart
45:15 Town Patrol
45:26 Siege Engineers
45:54 Halberdier
45:54 Long Swordsman
52:19 Two-Handed Swordsman
53:20 Champion
Lazy Red Panda
9:44 Loom
12:11 Feudal Age
12:35 Horse Collar
12:43 Double-Bit Axe
24:50 Castle Age
23:17 Fletching
24:10 Stone Mining
24:13 Gold Mining
25:00 Crossbowman
28:15 Wheelbarrow
27:40 Bodkin Arrow
27:46 Padded Archer Armor
30:45 Leather Archer Armor
32:15 Hand Cart
33:55 Bow Saw
35:10 Ballistics
42:03 Imperial Age
41:57 Yeomen
42:47 Elite Longbowman
43:51 Caravan
44:11 Heavy Plow
45:15 Two-Man Saw
47:06 Bracer
47:37 Ring Archer Armor
48:18 Chemistry
49:40 Gold Shaft Mining
66:20 Murder Holes
68:24 Warwolf
El_jefe88x
0:56 Loom
15:17 Feudal Age
19:14 Feudal Age
20:15 Double-Bit Axe
20:14 Horse Collar
21:28 Town Watch
25:48 Fletching
25:59 Padded Archer Armor
28:05 Castle Age
26:44 Forging
27:44 Gold Mining
27:46 Stone Mining
30:19 Crossbowman
30:29 Elite Skirmisher
32:19 Wheelbarrow
31:55 Heavy Plow
32:08 Bow Saw
36:05 Thumb Ring
40:41 Hand Cart
40:27 Town Patrol
41:35 Caravan
44:02 Husbandry
44:13 Bloodlines
48:53 Imperial Age
49:01 Chatras
49:11 Elite Rattan Archer
50:16 Paper Money
50:40 Stone Shaft Mining
49:37 Imperial Skirmisher
50:17 Bodkin Arrow
51:12 Leather Archer Armor
52:17 Bracer
54:08 Arbalester
60:43 Chemistry
60:04 Ballistics
59:40 Murder Holes
60:01 Fortified Wall
63:13 Elite Battle Elephant
67:04 Ring Archer Armor
67:11 Iron Casting
66:43 Scale Barding Armor
halil_guvenc
0:32 Loom
17:02 Feudal Age
19:56 Forging
19:37 Fletching
29:01 Castle Age
27:33 Gold Mining
27:34 Stone Mining
27:51 Double-Bit Axe
29:23 Horse Collar
31:51 Bow Saw
36:06 Pikeman
36:12 Elite Skirmisher
36:53 Bodkin Arrow
37:34 Iron Casting
44:13 Imperial Age
42:24 Caravan
43:41 Padded Archer Armor
43:43 Scale Mail Armor
44:10 Ballistics
45:38 Conscription
45:41 Onager
50:42 Siege Onager
52:29 Halberdier
53:38 Furor Celtica
58:28 Chemistry
61:34 Leather Archer Armor
72:06 Capped Ram
72:06 Heavy Scorpion
BOZO
0:28 Loom
11:31 Feudal Age
20:18 Horse Collar
24:33 Castle Age
22:43 Double-Bit Axe
24:43 Wheelbarrow
24:06 Town Watch
27:11 Bow Saw
27:05 Heavy Plow
28:45 Masonry
29:02 Stone Mining
29:05 Gold Mining
29:23 Treadmill Crane
34:28 Imperial Age
32:52 Fletching
33:02 Padded Archer Armor
35:01 Ballistics
35:57 Caravan
37:52 Two-Man Saw
37:30 Hand Cart
37:15 Town Patrol
36:58 Pikeman
37:38 Squires
38:18 Forging
38:09 Scale Mail Armor
40:07 Conscription
40:12 Yeomen
41:01 Gold Shaft Mining
41:21 Hoardings
42:01 Bodkin Arrow
42:22 Leather Archer Armor
43:54 Chemistry
43:25 Architecture
43:10 Bracer
43:47 Iron Casting
43:25 Elite Longbowman
44:16 Halberdier
45:17 Chain Mail Armor
46:03 Blast Furnace
46:14 Elite Skirmisher
46:18 Crossbowman
47:32 Plate Mail Armor
47:32 Ring Archer Armor
49:31 Arbalester
51:45 Scale Barding Armor
51:53 Warwolf
55:10 Capped Ram
73:51 Onager
80:15 Siege Engineers
icerali
12:13 Feudal Age
14:49 Horse Collar
15:04 Double-Bit Axe
16:16 Wheelbarrow
19:44 Stone Mining
21:21 Bloodlines
22:04 Gold Mining
27:30 Castle Age
29:06 Heavy Plow
29:21 Bow Saw
29:47 Hand Cart
31:38 Light Cavalry
32:24 Husbandry
32:33 Caravan
35:27 Gold Shaft Mining
43:58 Imperial Age
44:01 Elite Samurai
47:02 Cavalier
49:48 Two-Man Saw
86:00 Thumb Ring
Connection lost

Rejoining the realm…

Still unreachable

The connection could not be restored.

Session expired

The server has moved on; the page needs a fresh start.